 Dungeon Crawl Stone Soup version 0.14-a0-2017-g4a4604d (webtiles) character file.

97649 M4edhros the Nimbus (level 16, -2/93 HPs)
             Began as an Octopode Wanderer on Jan 19, 2014.
             Was a High Priest of Fedhas.
             Slain by a thrashing horror (6 damage)
             ... on Level 1 of the Abyss.
             The game lasted 03:19:05 (42604 turns).

M4edhros the Nimbus (Octopode Wanderer)            Turns: 42604, Time: 03:19:05

HP  -2/93        AC  4     Str 17      XL: 16   Next: 14%
MP  49/52        EV 13     Int 28      God: Fedhas [*****.]
Gold 2165        SH  0     Dex 13      Spells: 11 memorised,  0 levels left

rFire  . . .     SeeInvis .     I - staff of power
rCold  . . .     Clarity  +     (no shield)
rNeg   . . .     Conserve .     S - +2 hat {Int+3}
rPois  .         rCorr    .     d - amulet of Eternity {Gourm Acc+3 Stlth++}
rElec  .         rRot     .     q - ring of wizardry
SustAb + .       Spirit   .     k - ring of sustenance
rMut   .         Warding  .     v - ring of sustenance
Gourm  +         Stasis   .     r - +3 ring of intelligence
MR     +....                    l - ring of teleport control
                                Q - cursed +2 ring of intelligence
                                i - ring of sustain abilities
                                c - +6 ring of strength

@: invisible, somewhat resistant to hostile enchantments, extraordinarily
stealthy
A: almost no armour, amphibious, 8 rings, constrict 8, spike 1, icy blue scales
1, camouflage 1, clarity, herbivore 1, screaming 1, gelatinous body 1
a: Evolution, Sunlight, Growth, Reproduction, Rain, Renounce Religion, Evoke
Teleport Control


You were on level 1 of the Abyss.
You worshipped Fedhas.
Fedhas was extremely pleased with you.
You were not hungry.

You visited 5 branches of the dungeon, and saw 27 of its levels.
You visited the Abyss 1 time.
You also visited: Ice Cave and Volcano.

You collected 3034 gold pieces.
You spent 869 gold pieces at shops.

Inventory:

Hand weapons
 h - a +0,+1 short sword of speed
 G - a +1,+2 demon trident of flaming
Missiles
 t - 6 curare-tipped needles
Armour
 S - a +2 hat of intelligence (worn)
Magical devices
 n - a wand of lightning (0)
 y - a wand of hasting (9)
 z - a wand of cold (10)
 B - a wand of polymorph (7)
 F - a wand of teleportation (2) {unknown}
 J - a wand of disintegration (5) {unknown}
 L - a wand of draining (3)
 X - a wand of digging (1)
Comestibles
 f - 6 bread rations
 g - a lychee
 m - 2 pears
 x - 10 sultanas
 K - 13 lemons
 O - a choko
 T - an apple
Scrolls
 p - 4 scrolls of recharging
 u - 5 scrolls of teleportation
 P - a scroll of blinking
 U - a scroll of remove curse
 V - 3 scrolls of fear
Jewellery
 c - a +6 ring of strength (on tentacle)
 d - the amulet of Eternity (around mantle) {Gourm Acc+3 Stlth++}
   (You found it on level 1 of the Orcish Mines)

   [amulet of the gourmand]

   It affects your accuracy (+3).
   It makes you much more stealthy.
 i - a ring of sustain abilities (on tentacle)
 k - a ring of sustenance (right tentacle)
 l - a ring of teleport control (on tentacle)
 o - an uncursed ring of ice
 q - a ring of wizardry (left tentacle)
 r - a +3 ring of intelligence (on tentacle)
 s - an uncursed amulet of guardian spirit
 v - a ring of sustenance (on tentacle)
 A - an uncursed ring of flight
 E - an uncursed amulet of warding
 H - an uncursed amulet of stasis
 Q - a cursed +2 ring of intelligence (on tentacle)
 R - the amulet of Pessimism {rMut Dex+4 Int+4}
   (You found it on level 5 of the Lair of Beasts)

   [amulet of resist mutation]

   It affects your intelligence (+4).
   It affects your dexterity (+4).
Potions
 w - 2 potions of speed
 D - 3 potions of agility
 N - 7 potions of curing
 Y - 2 potions of invisibility
Books
 j - a book of Callings

   Spells                             Type                      Level
   Summon Small Mammal                Summoning                    1
   Call Imp                           Summoning                    2
   Call Canine Familiar               Summoning                    3
   Summon Scorpions                   Summoning/Poison             4
   *Summon Ice Beast                  Ice/Summoning                4
 C - a book of Spatial Translocations

   Spells                             Type                      Level
   *Apportation                       Translocation                1
   Portal Projectile                  Translocation                2
   *Blink                             Translocation                2
   Shroud of Golubria                 Charms/Translocation         2
   Teleport Other                     Translocation                3
   *Passage of Golubria               Translocation                4
Magical staves
 I - an uncursed staff of power (weapon)
Miscellaneous
 a - a lamp of fire
 b - a phial of floods
 e - a lantern of shadows
 M - a sack of spiders
Carrion
 W - a green rat corpse
 Z - a green rat corpse


   Skills:
 - Level 3.0 Fighting
 - Level 5.3 Short Blades
   Level 3.0 Axes
 - Level 1.0 Staves
 - Level 3.9 Dodging
 + Level 12.4 Stealth
   Level 5.6 Shields
 * Level 11.8 Spellcasting
 - Level 11.0 Conjurations
 + Level 4.5 Necromancy
 + Level 8.8 Air Magic
 - Level 9.0 Poison Magic
 - Level 15.1 Invocations


You couldn't memorise any spells.
You knew the following spells:

 Your Spells              Type           Power        Failure   Level  Hunger
a - Mephitic Cloud        Conj/Pois/Air  ######..     1%          3    None
b - Apportation           Tloc           ###.......   1%          1    None
c - Poisonous Cloud       Conj/Pois/Air  ######....   4%          6    #####..
d - Blink                 Tloc           N/A          3%          2    None
e - Conjure Flame         Conj/Fire      #####...     1%          3    None
f - Corpse Rot            Necr           N/A          1%          2    None
g - Bolt of Draining      Conj/Necr      ######....   1%          5    #......
h - Recall                Summ/Tloc      N/A          4%          3    None
i - Agony                 Necr           #####...     5%          5    #......
j - Summon Ice Beast      Ice/Summ       ###.......   16%         4    None
k - Passage of Golubria   Tloc           N/A          16%         4    None


Dungeon Overview and Level Annotations

Branches:
Dungeon (11/16)            Temple (0/1) D:7             Orc (4/4) D:11
    Elf (3/3) Orc:3          Lair (8/8) D:8           Swamp (1/5) Lair:4
 Spider (0/5) Lair:3        Slime (0/6) Lair:8

Altars:
Ashenzari
Cheibriados
Dithmengos
Fedhas
Kikubaaqudgha
Makhleb
Nemelex Xobeh
Okawaru
Yredelemnul
Zin
Beogh
Jiyva

Shops:
D:11 ([   Orc:1 ([   Orc:3 *   Orc:4 =[=[   Elf:3 (

Portals:
Hell: Lair:8

Annotations:
D:5 5 exclusions
Elf:1 exclusion: silver statue
Elf:3 4 exclusions
Lair:8 exclusion: downstairs


Innate Abilities, Weirdness & Mutations

You cannot wear most types of armour.
You are amphibious.
You can wear up to eight rings at the same time.
You can use your tentacles to constrict many enemies at once.
Your skin changes colour to match your surroundings (Stlth).
Your rubbery body absorbs attacks (AC +1).
One of your tentacles bears a spike.
You are partially covered in icy blue scales (AC +1).
You possess an exceptional clarity of mind.
You digest meat inefficiently.
You occasionally shout uncontrollably.


Message History

Evoke which item? (* to show all) (? for menu, Esc to quit)
Okay, then.
Read which item? (? for menu, Esc to quit)
As you read the scroll of blinking, it crumbles to dust.
A powerful magic interferes with your control of the blink.
You blink.
Evoke which item? (* to show all) (? for menu, Esc to quit)
Okay, then.
Casting: Conjure Flame
Confirm with . or Enter, or press ? or * to list all spells.
Okay, then.
Drink which item? (? for menu, Esc to quit)
Okay, then.
Drink which item? (? for menu, Esc to quit)
You fade into invisibility!
The thrashing horror misses you.
The thrashing horror tramples you but does no damage.
The thrashing horror tramples you.
You die...
Fedhas appreciates your contribution to the ecosystem.

... ..! . ##.## ##.##
#.# .###...###...###.
# .#.....#.....#....
.............. ...
#.....#..§..# #...
##.§f## # ##.## ##.##
. ###.@X###...##
..#.....#f....#....
...........s......2.
....#...ff#.....#....
#... ##...###...###..
# .# ##.## ##.## # #.
.# #...## ...# . . .
.#.....# ....# ≈ ≈##
.#..# .##.


You could see a demonic crawler, a thrashing horror and 2 friendly wandering
mushrooms.

Vanquished Creatures
  A frost giant (IceCv)
  A dire elephant (Lair:8)
  3 hydras
  A wandering mushroom (Lair:4)
  3 death yaks (Lair:8)
  An alligator (Swamp:1)
  2 large abominations (Abyss:1)
  A catoblepas (Lair:5)
  9 deep elf knights (Elf:2)
  An orc high priest (Elf:1)
  2 hill giants
  5 orc knights (Orc:4)
  An orc sorcerer (Orc:4)
  A wizard (Lair:8)
  A swamp dragon (Swamp:1)
  11 deep elf conjurers
  A cyclops (D:11)
  2 elephants
  An apocalypse crab (Abyss:1)
  An orange demon (Lair:8)
  Psyche (D:8)
  13 spiny frogs
  3 black mambas
  A hellwing (Lair:8)
  7 deep elf summoners
  15 polar bears
  2 fire drakes
  A troll (Orc:4)
  An octopode (D:11)
  7 blink frogs
  A giant leech (Swamp:1)
  17 deep elf magi
  A slime creature (D:11)
  2 basilisks
  An elephant slug (Lair:5)
  23 yaks
  A golden eye (Abyss:1)
  A merfolk (D:7)
  2 vampire mosquitoes (Swamp:1)
  2 molten gargoyles (Elf:1)
  6 hippogriffs
  2 sharks (D:11)
  6 swamp worms
  3 ogres
  Edmund (D:8)
  Menkaure (D:4)
  14 wolves
  8 deep elf priests
  A golden eye (shapeshifter) (Elf:2)
  5 porcupines
  3 giant goldfish
  A small abomination (Abyss:1)
  A black bear (D:8)
  4 swamp drakes (Swamp:1)
  6 orc warriors
  A soldier ant (D:11)
  3 sky beasts
  An ice beast (IceCv)
  The ghost of M4edhros the Skirmisher, an average OpWn (D:3)
  13 deep elf fighters
  2 centaurs
  4 crocodiles
  A boring beetle (shapeshifter) (Elf:2)
  A big kobold (D:11)
  Duvessa (D:5)
  6 giant slugs
  6 giant frogs
  2 rotting devils (Lair:8)
  A warg (Orc:3)
  13 water moccasins
  A boring beetle (Lair:8)
  A gnoll sergeant (Orc:4)
  3 agate snails
  A cyclops skeleton (D:11)
  12 killer bees
  4 electric eels
  11 crimson imps
  A quasit (D:9)
  2 goliath beetles
  A giant frog skeleton (D:11)
  7 hounds
  6 big fish
  Crazy Yiuf (D:4)
  10 orc priests
  A centaur skeleton (D:5)
  10 orc wizards
  A black bear skeleton (D:10)
  13 iguanas
  A scorpion (D:6)
  4 worker ants
  An orange rat (Elf:2)
  13 sheep
  A crocodile skeleton (D:7)
  A big kobold skeleton (D:10)
  10 gnolls
  15 adders
  3 giant centipedes
  38 green rats
  A giant mite (Lair:1)
  3 worms
  2 giant eyeballs
  13 giant geckos
  2 oozes (D:9)
  78 orcs
  6 giant cockroaches
  19 goblins
  18 hobgoblins
  4 training dummies (Elf:3)
  24 bats
  2 giant newts
  A goblin skeleton (D:4)
  29 jackals
  19 kobolds
  18 quokkas
  17 rats
  A plant (Lair:7)
699 creatures vanquished.

Vanquished Creatures (collateral kills)
  Maurice (D:8)
  Josephine (D:10)
  8 hydras
  4 wandering mushrooms
  A death yak (Lair:8)
  A sun demon (Orc:4)
  5 orc high priests (Orc:4)
  A catoblepas (Lair:4)
  The ghost of Mitsuki the Unseen, an experienced SpEn (D:9)
  Pikel (D:7)
  3 deep elf fighters
  2 orc knights
  Joseph (D:8)
  3 trolls (D:11)
  2 griffons (Lair:8)
  12 elephants
  5 black mambas
  A sixfirhy (Lair:8)
  8 spiny frogs
  A feature mimic (Lair:5)
  2 orange demons (Lair:8)
  A smoke demon (Lair:8)
  2 komodo dragons
  2 deep elf priests (Elf:1)
  An efreet (Abyss:1)
  3 red devils (Lair:8)
  4 polar bears
  9 centaurs
  27 orc warriors
  4 slime creatures (D:11)
  A hydra skeleton (D:10)
  A queen bee (Lair:7)
  2 two-headed ogres
  11 blink frogs
  A grizzly bear (Lair:4)
  2 basilisks
  49 yaks
  An elephant slug (Lair:5)
  2 deep elf magi (Elf:1)
  4 hippogriffs
  Eustachio (D:5)
  4 wolves (IceCv)
  2 molten gargoyles (Elf:1)
  A hell hound (Lair:8)
  A necrophage (D:11)
  3 vampire mosquitoes (Swamp:1)
  A swamp drake (Lair:4)
  4 ice beasts
  3 phantoms
  2 slaves (D:7)
  3 porcupines
  12 ogres
  2 scorpions
  2 sky beasts
  A yellow wasp (D:9)
  2 boring beetles (Lair:8)
  13 crocodiles
  6 giant frogs
  A rotting devil (Lair:8)
  A komodo dragon zombie (D:11)
  5 giant slugs
  6 insubstantial wisps (Swamp:1)
  9 water moccasins
  10 agate snails
  2 wyvern skeletons
  23 killer bees
  2 jellyfish (Swamp:1)
  4 wights (D:9)
  Dowan (D:5)
  A gnoll shaman (D:4)
  2 goliath beetles
  A big fish (D:7)
  5 jellies
  21 orc priests
  A quasit (Elf:1)
  2 iguanas
  20 orc wizards
  3 worker ants
  A troll simulacrum (D:10)
  6 sheep
  A mummy (D:11)
  5 gnolls
  45 green rats
  12 adders
  A shadow imp (Elf:1)
  A white imp (Elf:1)
  3 worms
  An ufetubus (Abyss:1)
  2 giant geckos
  3 oozes (Lair:8)
  86 orcs
  A bat skeleton (D:4)
  A goblin (Orc:4)
  2 hobgoblins
  7 jackals
  3 kobolds
  A bat (D:10)
  A giant newt (Swamp:1)
  2 giant spores (Lair:4)
  7 rats
  A fungus (Lair:4)
  3 toadstools
570 creatures vanquished.

Vanquished Creatures (others)
  2 spiny frogs (Lair:8)
  64 wandering mushrooms
  3 shadows (Elf:3)
  A blink frog (Lair:8)
  2 yaks (IceCv)
  A wolf (IceCv)
  A crocodile (Lair:8)
  2 killer bees
  A giant slug (Lair:8)
  A soldier ant zombie (D:10)
  2 orc priests (D:7)
  A goliath beetle zombie (D:10)
  5 orcs (D:7)
  2 hobgoblins
  A bat (D:7)
  A lurking horror (Abyss:1)
  A rat (D:7)
  4 fungi
  5 plants
  865 toadstools
965 creatures vanquished.

Grand Total: 2234 creatures vanquished

Notes
Turn   | Place    | Note
--------------------------------------------------------------
     0 | D:1      | M4edhros, the Octopode Wanderer, began the quest for the Orb.
     0 | D:1      | Reached XP level 1. HP: 16/16 MP: 1/1
   300 | D:1      | Reached XP level 2. HP: 18/21 MP: 2/2
   355 | D:1      | Reached skill level 4 in Stealth
   719 | D:1      | Reached XP level 3. HP: 24/26 MP: 3/3
   992 | D:1      | Reached skill level 5 in Stealth
  1191 | D:2      | Found a shadowy altar of Dithmengos.
  1238 | D:2      | Found a blossoming altar of Fedhas.
  1249 | D:2      | Became a worshipper of Fedhas Madash
  1370 | D:2      | Reached XP level 4. HP: 16/31 MP: 4/4
  1409 | D:2      | Reached skill level 6 in Stealth
  1779 | D:2      | Found a burning altar of Makhleb.
  1779 | D:2      | Noticed a blizzard demon
  2346 | D:3      | Acquired Fedhas' first power
  2469 | D:3      | Noticed M4edhros' ghost (average OpWn)
  2484 | D:3      | Killed M4edhros' ghost
  2484 | D:3      | Reached XP level 5. HP: 22/36 MP: 3/8
  2653 | D:3      | Paralysed by a potion of paralysis for 4 turns
  3345 | D:4      | Noticed an ogre
  3350 | D:4      | Reached XP level 6. HP: 42/42 MP: 8/10
  3365 | D:4      | Killed an ogre
  3365 | D:4      | Reached skill level 5 in Invocations
  3406 | D:4      | Noticed an ogre
  3423 | D:4      | Killed an ogre
  3547 | D:4      | Noticed an ogre
  3560 | D:4      | Noticed Menkaure
  3568 | D:4      | Killed Menkaure
  3568 | D:4      | Reached XP level 7. HP: 46/46 MP: 13/15
  3573 | D:4      | Killed an ogre
  3624 | D:4      | Noticed an ogre
  3648 | D:4      | Killed an ogre
  3662 | D:4      | Reached skill level 7 in Invocations
  3732 | D:4      | Found a basalt altar of Yredelemnul.
  4060 | D:4      | Found a snail-covered altar of Cheibriados.
  4122 | D:4      | Noticed Crazy Yiuf
  4133 | D:4      | Killed Crazy Yiuf
  4136 | D:4      | Acquired Fedhas' second power
  4217 | D:5      | Entered Level 5 of the Dungeon
  4475 | D:5      | Reached skill level 8 in Invocations
  4548 | D:5      | Reached XP level 8. HP: 47/52 MP: 19/19
  4812 | D:5      | Noticed Eustachio
  4814 | D:5      | Noticed Duvessa
  4915 | D:5      | Killed Eustachio
  4915 | D:5      | Reached skill level 9 in Invocations
  4943 | D:5      | Noticed Dowan
  4955 | D:5      | Killed Dowan
  4961 | D:5      | Killed Duvessa
  5635 | D:6      | Acquired Fedhas' third power
  5660 | D:6      | Reached skill level 10 in Invocations
  5785 | D:6      | HP: 2/52 [poisoned by a scorpion]
  6787 | D:6      | Reached skill level 11 in Invocations
  6787 | D:6      | Reached XP level 9. HP: 42/56 MP: 23/23
  6952 | D:7      | Reached skill level 12 in Invocations
  7204 | D:7      | Found a staircase to the Ecumenical Temple.
  7493 | D:7      | Noticed Pikel
  7557 | D:7      | Killed Pikel
  7619 | D:7      | Found a sparkling altar of Nemelex Xobeh.
  7676 | D:7      | Reached skill level 13 in Invocations
  8051 | D:8      | Reached XP level 10. HP: 16/63 MP: 26/26
  8397 | D:8      | Noticed Edmund
  8414 | D:8      | Killed Edmund
  8657 | D:8      | Reached skill level 14 in Invocations
  9231 | D:8      | Found a staircase to the Lair.
  9357 | D:8      | Reached skill level 15 in Invocations
  9643 | D:8      | Noticed Maurice
  9680 | D:8      | HP: 3/63 [Maurice/wand of cold (19)]
  9701 | D:8      | Killed Maurice
  9846 | D:8      | Found an ancient bone altar of Kikubaaqudgha.
 10102 | D:8      | Found a shattered altar of Ashenzari.
 10233 | D:8      | Noticed Psyche
 10244 | D:8      | Killed Psyche
 10244 | D:8      | Reached skill level 5 in Shields
 10478 | D:8      | Noticed Joseph
 10602 | D:8      | Killed Joseph
 10602 | D:8      | Reached XP level 11. HP: 67/67 MP: 28/28
 10676 | D:8      | Found a glowing silver altar of Zin.
 10750 | D:8      | Acquired Fedhas' fourth power
 10968 | D:9      | Found a viscous altar of Jiyva.
 11119 | D:9      | Noticed Mitsuki's ghost (experienced SpEn)
 11132 | D:9      | Killed Mitsuki's ghost
 11488 | D:9      | Learned a level 3 spell: Mephitic Cloud
 11627 | D:9      | Paralysed by a giant eyeball for 4 turns
 11633 | D:9      | Paralysed by a giant eyeball for 2 turns
 11640 | D:9      | Paralysed by a giant eyeball for 3 turns
 11761 | D:9      | Noticed a hill giant
 11770 | D:9      | Killed a hill giant
 11770 | D:9      | Reached skill level 1 in Spellcasting
 11770 | D:9      | Reached skill level 1 in Poison Magic
 11887 | D:10     | Entered Level 10 of the Dungeon
 12329 | D:10     | Reached skill level 1 in Conjurations
 12858 | D:10     | Noticed Josephine
 12877 | D:10     | Killed Josephine
 12877 | D:10     | Reached skill level 1 in Air Magic
 14028 | D:11     | Found Futaokhla's Armour Shoppe.
 14146 | D:11     | Found a staircase to the Orcish Mines.
 14146 | D:11     | Found Ecuzxing's Weapon Shoppe.
 14267 | Orc:1    | Entered Level 1 of the Orcish Mines
 14340 | Orc:3    | Found a staircase to the Elven Halls.
 14344 | Orc:4    | Entered Level 4 of the Orcish Mines
 14541 | Orc:4    | Found a roughly hewn altar of Beogh.
 15227 | Orc:3    | Noticed an orc knight
 15245 | Orc:3    | Killed an orc knight
 15398 | Orc:3    | Acquired Fedhas' fifth power
 16098 | Orc:1    | Learned a level 1 spell: Apportation
 16100 | Orc:1    | Got a slimy jade amulet
 16213 | Orc:1    | Found a dark tunnel.
 16222 | Orc:1    | Identified the amulet of Eternity {Gourm Acc+3 Stlth++} (You found it on level 1 of the Orcish Mines)
 16227 | Volcano  | Entered a volcano
 17766 | Orc:4    | Noticed an orc high priest
 17771 | Orc:4    | Noticed a soul eater
 17777 | Orc:4    | Killed an orc high priest
 17936 | Orc:4    | Reached XP level 12. HP: 27/72 MP: 26/29
 18124 | Orc:4    | Noticed an orc knight
 18138 | Orc:4    | Noticed an orc knight
 18160 | Orc:4    | Reached skill level 5 in Poison Magic
 18164 | Orc:4    | Killed an orc knight
 18166 | Orc:4    | Noticed an orc knight
 18174 | Orc:4    | Killed an orc knight
 18174 | Orc:4    | Reached skill level 5 in Spellcasting
 18184 | Orc:4    | Noticed an orc high priest
 18187 | Orc:4    | Noticed an orc knight
 18188 | Orc:4    | Killed an orc knight
 18188 | Orc:4    | Killed an orc high priest
 18194 | Orc:4    | Noticed an orc high priest
 18200 | Orc:4    | Killed an orc knight
 18212 | Orc:4    | Killed an orc high priest
 18220 | Orc:4    | Noticed an orc high priest
 18223 | Orc:4    | Noticed an orc knight
 18223 | Orc:4    | Killed an orc knight
 18232 | Orc:4    | Killed an orc high priest
 18237 | Orc:4    | Noticed an orc knight
 18409 | Orc:4    | Killed an orc knight
 18421 | Orc:4    | Found Chiqo Mneir's Jewellery Shoppe.
 18421 | Orc:4    | Noticed an orc high priest
 18452 | Orc:4    | Killed an orc high priest
 18473 | Orc:4    | Found Moef's Antique Armour Shoppe.
 18474 | Orc:4    | Found Nastrum's Jewellery Emporium.
 18475 | Orc:4    | Found Diniliri's Antique Armour Shoppe.
 18488 | Orc:4    | Bought an uncursed ring of wizardry for 300 gold pieces
 18494 | Orc:4    | Bought a +3 ring of intelligence for 219 gold pieces
 18494 | Orc:4    | Bought an uncursed amulet of guardian spirit for 350 gold pieces
 19072 | Orc:4    | Learned a level 6 spell: Poisonous Cloud
 19075 | Orc:4    | Learned a level 2 spell: Blink
 19079 | Orc:4    | Learned a level 3 spell: Conjure Flame
 19179 | Orc:3    | Found Rump's General Store.
 19199 | Orc:3    | Reached XP level 13. HP: 77/77 MP: 30/30
 19889 | Lair:1   | Entered Level 1 of the Lair of Beasts
 21237 | Lair:1   | Reached skill level 5 in Air Magic
 21807 | Lair:2   | Gained mutation: One of your tentacles bears a spike. [potion of mutation]
 21807 | Lair:2   | Gained mutation: You occasionally shout uncontrollably. [potion of mutation]
 22963 | Lair:3   | Found a hole to the Spider Nest.
 23096 | Lair:3   | Reached skill level 10 in Conjurations
 23099 | Lair:3   | Reached skill level 1 in Short Blades
 23556 | Lair:4   | Reached XP level 14. HP: 81/83 MP: 26/31
 24790 | Lair:4   | Found a staircase to the Swamp.
 26245 | Lair:5   | Got a faintly glowing sapphire amulet
 26246 | Lair:5   | Identified the amulet of Pessimism {rMut Dex+4 Int+4} (You found it on level 5 of the Lair of Beasts)
 26274 | Lair:5   | Found an iron altar of Okawaru.
 26336 | Lair:5   | Identified a scroll of acquirement
 26412 | Lair:5   | Got a shimmering quarterstaff
 26413 | Lair:5   | Identified the +1,+8 quarterstaff of Circular Logic {holy, rF+ rN+ Str+3} (You found it on level 5 of the Lair of Beasts)
 26632 | Lair:5   | You fall through a shaft!
 27286 | Lair:6   | Learned a level 2 spell: Corpse Rot
 27292 | Lair:6   | Learned a level 5 spell: Bolt of Draining
 28562 | Lair:5   | Found a staircase to the Swamp.
 28671 | Lair:5   | the staircase to the Swamp was a mimic.
 29412 | Lair:7   | Learned a level 3 spell: Recall
 30311 | Lair:8   | Entered Level 8 of the Lair of Beasts
 30497 | Lair:8   | Found a frozen archway.
 30509 | IceCv    | Entered an ice cave
 31272 | IceCv    | Noticed a frost giant
 31285 | IceCv    | Killed a frost giant
 32401 | Lair:8   | Found a staircase to the Slime Pits.
 32430 | Lair:8   | Reached skill level 10 in Stealth
 32430 | Lair:8   | Reached XP level 15. HP: 79/88 MP: 0/32
 32472 | Lair:8   | Reached skill level 5 in Short Blades
 33053 | Lair:8   | Reached skill level 10 in Spellcasting
 33919 | Lair:8   | Found a burning altar of Makhleb.
 33948 | Lair:8   | Found a gateway to Hell.
 34405 | Lair:7   | Learned a level 5 spell: Agony
 34911 | Swamp:1  | Entered Level 1 of the Swamp
 35496 | Swamp:1  | Reached skill level 1 in Necromancy
 37283 | D:11     | Noticed a hill giant
 37288 | D:11     | Killed a hill giant
 37636 | D:11     | Noticed a seven-headed hydra
 37640 | D:11     | Killed a seven-headed hydra
 38213 | Elf:1    | Entered Level 1 of the Elven Halls
 40782 | Elf:2    | Gained mutation: You possess an exceptional clarity of mind. [mutagenic meat]
 40783 | Elf:2    | Gained mutation: You are partially covered in icy blue scales (AC +1). [mutagenic meat]
 40784 | Elf:2    | Gained mutation: You digest meat inefficiently. [mutagenic meat]
 41217 | Elf:2    | Reached XP level 16. HP: 93/93 MP: 25/34
 41634 | Elf:3    | Entered Level 3 of the Elven Halls
 41811 | Elf:3    | Found Proasues' Antique Weapon Boutique.
 42149 | Elf:3    | Noticed a deep elf blademaster
 42274 | Elf:3    | Cast into the Abyss (deep elf demonologist)
 42312 | Abyss:1  | Learned a level 4 spell: Summon Ice Beast
 42317 | Abyss:1  | Learned a level 4 spell: Passage of Golubria
 42602 | Abyss:1  | HP: 4/93 [blizzard demon/bolt of lightning (34)]
 42604 | Abyss:1  | Slain by a thrashing horror

Action                   |  1- 3 |  4- 6 |  7- 9 | 10-12 | 13-15 | 16-18 || total
-------------------------+-------+-------+-------+-------+-------+-------++-------
Melee: Quarterstaff      |     5 |       |       |   310 |    96 |       ||   411
       Dagger            |     4 |       |       |       |       |       ||     4
       Short sword       |    84 |   116 |   345 |   154 |   953 |       ||  1652
       Trident           |       |       |       |    43 |       |       ||    43
       Staff             |       |       |       |       |    66 |    34 ||   100
 Cast: Apportation       |       |       |       |     1 |       |       ||     1
       Mephitic Cloud    |       |       |       |     8 |    43 |     2 ||    53
       Bolt of Draining  |       |       |       |       |   207 |    18 ||   225
       Conjure Flame     |       |       |       |       |    24 |     4 ||    28
       Poisonous Cloud   |       |       |       |       |    14 |     2 ||    16
       Recall            |       |       |       |       |    26 |     1 ||    27
       Blink             |       |       |       |       |     4 |       ||     4
       Agony             |       |       |       |       |     2 |     2 ||     4
Invok: Evolution         |       |     2 |     9 |    22 |    67 |     5 ||   105
       Sunlight          |       |       |     3 |    28 |    26 |       ||    57
       Rain              |       |       |       |     5 |       |     3 ||     8
       Reproduction      |       |       |       |       |     1 |       ||     1
 Abil: Evoke Teleport Co |       |       |       |       |     1 |       ||     1
Evoke: Wand              |       |       |       |     5 |     9 |     6 ||    20
  Use: Potion            |       |     7 |     6 |     7 |     5 |     3 ||    28
       Scroll            |       |    10 |     3 |    12 |    12 |     5 ||    42
 Stab: Sleeping          |     6 |     6 |    10 |    14 |    53 |     2 ||    91
       Distracted        |       |     1 |     1 |     2 |     5 |     1 ||    10
       Confused          |       |       |     4 |    11 |    38 |       ||    53
       Fleeing           |       |       |       |       |     2 |       ||     2
